 Dungeon Crawl Stone Soup version 0.15-a0-134-gcf47855 (webtiles) character file.

961 Duskembrace the Basher (level 7, -5/41 HPs)
             Began as a Gargoyle Berserker on Apr 12, 2014.
             Was an Elder of Trog.
             Engulfed by a cloud of freezing vapour (16 damage)
             ... on Level 5 of the Dungeon.
             The game lasted 00:12:45 (3227 turns).

Duskembrace the Basher (Gargoyle Berserker)         Turns: 3227, Time: 00:12:45

HP  -5/41        AC 13     Str 22      XL: 7   Next: 61%
MP   7/7         EV  7     Int  5      God: Trog [****..]
Gold 279         SH  0     Dex 10      Spells:  0 memorised,  6 levels left

rFire  . . .     SeeInvis .     a - +0 mace
rCold  . . .     Clarity  .     H - +0 chain mail
rNeg   + + .     Conserve .     (no shield)
rPois  +         rCorr    .     (no helmet)
rElec  +         rRot     +     (no cloak)
SustAb . .       Spirit   .     (no gloves)
rMut   .         Warding  .     (no boots)
Saprov . . .     Stasis   +     C - amulet of stasis {unknown}
MR     .....                    k - cursed -2 ring of intelligence
                                i - ring of positive energy

@: not resistant to hostile enchantments, extremely unstealthy
A: life protection 1, electricity resistance, unbreathing, petrification
resistance, AC +4
a: Burn Spellbooks, Berserk, Trog's Hand, Brothers in Arms, Renounce Religion


You were on level 5 of the Dungeon.
You worshipped Trog.
Trog was greatly pleased with you.
You were not hungry.

You visited 1 branch of the dungeon, and saw 5 of its levels.

You collected 279 gold pieces.

Inventory:

Hand weapons
 a - a +0,+0 mace (weapon)
 f - a cursed +0,+1 whip
 z - a +0,+0 flail
Missiles
 d - 29 darts (quivered)
Armour
 b - a +0 animal skin
 s - a +0 scale mail
 H - a +0 chain mail (worn)
Magical devices
 D - a wand of lightning (4) {unknown}
 I - a wand of disintegration (16) {unknown}
Comestibles
 c - 3 bread rations
 w - a meat ration
 B - a pear
 E - an apple
 G - an orange
Scrolls
 e - a scroll of blinking {unknown}
 h - 2 scrolls of fear {unknown}
 l - 2 scrolls of remove curse {unknown}
 m - 2 scrolls of identify {unknown}
 r - 2 scrolls of magic mapping {unknown}
 u - a scroll of immolation {unknown}
 v - 3 scrolls of amnesia {unknown}
 y - a scroll of teleportation {unknown}
Jewellery
 i - a ring of positive energy (left hand)
 k - a cursed -2 ring of intelligence (right hand)
 p - an uncursed ring of sustenance {unknown}
 C - an amulet of stasis (around neck) {unknown}
Potions
 g - a potion of resistance {unknown}
 j - 5 potions of curing {unknown}
 n - a potion of poison {unknown}
 o - a potion of confusion {unknown}
 q - a potion of flight {unknown}
 t - 3 potions of brilliance {unknown}
 x - 2 potions of mutation {unknown}
 F - a potion of agility {unknown}


   Skills:
 - Level 3.5 Fighting
 + Level 9.2 Maces & Flails
 - Level 2.3 Armour
 - Level 1.7 Dodging
 - Level 0.5 Stealth


You had 6 spell levels left.
You didn't know any spells.

Dungeon Overview and Level Annotations

Branches:
Dungeon (5/15)
 Temple: D:4-7

Altars:
Ashenzari
Cheibriados
Dithmenos
Elyvilon
Kikubaaqudgha
Trog
Zin
The Shining One


Innate Abilities, Weirdness & Mutations

You are resistant to torment.
You are immune to poison.
You are immune to rotting.
Your stone body is very resilient (AC +4).
You resist negative energy.
You are resistant to electric shocks.
You can survive without breathing.
You are immune to petrification.


Message History

A bat comes into view.
The bat hits you but does no damage.
You closely miss the bat. The bat hits you but does no damage.
You thump the bat!
You kill the bat!
Trog accepts your kill.
You see here a bat corpse.
You offer a prayer to Trog.
The bat corpse is slowly consumed by flames.
Trog is greatly pleased with you.
Found 5 gold pieces.
You now have 279 gold pieces (gained 5).
You open the door.
There is an open door here.
You are engulfed in freezing vapours.
Your glowing silvery potion freezes and shatters!
Ouch! That really hurt!
* * * LOW HITPOINT WARNING * * *
You are engulfed in freezing vapours.
You die...

... #.# #.# #.###
# #.8.# # #.'.# #
#.8§# # #######
#.#§# # #.....#
#.#@# # #.....#
#.#§#
######.....###.#§#
...............#§#
######.....#####§#
...........# #§#
############ #§#
#.# #.#


There were no monsters in sight!

Vanquished Creatures
  Menkaure (D:4)
  2 sky beasts (D:5)
  A centaur (D:5)
  A giant frog (D:4)
  3 worker ants
  7 adders
  2 worms
  2 giant geckos (D:4)
  3 orcs (D:4)
  2 giant cockroaches
  9 goblins
  11 hobgoblins
  8 jackals
  3 quokkas
  14 bats
  5 giant newts
  A hobgoblin skeleton (D:4)
  7 kobolds
  5 rats
87 creatures vanquished.

Vanquished Creatures (others)
  A giant spore (D:5)
1 creature vanquished.

Grand Total: 88 creatures vanquished

Notes
Turn   | Place    | Note
--------------------------------------------------------------
     0 | D:1      | Duskembrace, the Gargoyle Berserker, began the quest for the Orb.
     0 | D:1      | Reached XP level 1. HP: 14/14 MP: 1/1
   234 | D:1      | Reached XP level 2. HP: 19/19 MP: 2/2
   410 | D:1      | Acquired Trog's second power
   589 | D:1      | Reached skill level 4 in Maces & Flails
   593 | D:1      | Reached XP level 3. HP: 21/23 MP: 3/3
  1159 | D:2      | Reached XP level 4. HP: 25/28 MP: 4/4
  1229 | D:2      | Reached skill level 5 in Maces & Flails
  1892 | D:3      | Reached XP level 5. HP: 28/32 MP: 5/5
  2395 | D:4      | Acquired Trog's third power
  2495 | D:4      | Noticed Menkaure
  2504 | D:4      | Killed Menkaure
  2504 | D:4      | Reached skill level 7 in Maces & Flails
  2504 | D:4      | Reached XP level 6. HP: 17/37 MP: 6/6
  2784 | D:4      | Found a snail-covered altar of Cheibriados.
  2877 | D:5      | Entered Level 5 of the Dungeon
  2896 | D:5      | Reached skill level 8 in Maces & Flails
  2896 | D:5      | Reached XP level 7. HP: 32/41 MP: 7/7
  3029 | D:5      | Found a glowing golden altar of the Shining One.
  3033 | D:5      | Found a glowing silver altar of Zin.
  3034 | D:5      | Found an ancient bone altar of Kikubaaqudgha.
  3034 | D:5      | Found a shattered altar of Ashenzari.
  3034 | D:5      | Found a bloodstained altar of Trog.
  3036 | D:5      | Found a shadowy altar of Dithmenos.
  3040 | D:5      | Found a white marble altar of Elyvilon.
  3188 | D:5      | Reached skill level 9 in Maces & Flails
  3227 | D:5      | Engulfed by a cloud of freezing vapour

Action                   |  1- 3 |  4- 6 |  7- 9 || total
-------------------------+-------+-------+-------++-------
Melee: Mace              |   125 |   219 |    54 ||   398
Invok: Burn Spellbooks   |     1 |       |       ||     1
